 Dungeon Sprint DCSS version 0.19-a0-1224-g978f909 (webtiles) character file.

9500000 Deeps the Dwarven Barricade (level 27, -3/298 HPs)
             Began as a Deep Dwarf Fighter on Aug 25, 2016.
             Was the Champion of Makhleb.
             Slain by a reaper
             ... wielding a +3 scythe of venom
             ... summoned by an accursed's death curse
              (28 damage)
             ... in the Dungeon (Sprint VIII: "Arena of Blood").
             The game lasted 00:03:15 (95 turns).

Deeps the Dwarven Barricade (Deep Dwarf Fighter)      Turns: 95, Time: 00:03:15

Health: -3/298     AC: 13    Str: 32    XL:     27
Magic:  39/54      EV: 26    Int: 10    God:    Makhleb [******]
Gold:   0          SH:  0    Dex: 12    Spells: 0 memorised, 80 levels left

rFire  . . .     SeeInvis +     m - +∞ Axe of Woe
rCold  . . .     Gourm    .     b - +0 scale mail
rNeg   + . .     Faith    .     (shield currently unavailable)
rPois  .         Spirit   .     (no helmet)
rElec  .         Dismiss  .     (no cloak)
rCorr  .         Reflect  .     (no gloves)
MR     ++++.     Harm     .     (no boots)
Stlth  ++++++++.. NoTele   +    (no amulet)
                                o - +200 ring of slaying
                                n - ring of see invisible

@: lethally poisoned (-3 -> -11), very slightly contaminated, non-regenerating,
slowed, very slow
A: damage resistance, recharge devices, negative energy resistance 1, sense
surroundings 3, slow regeneration 3
a: Device Recharging, Minor Destruction, Lesser Servant of Makhleb, Major
Destruction, Greater Servant of Makhleb, Renounce Religion


You were in the Dungeon.
You worshipped Makhleb.
Makhleb was exalted by your worship.
You were not hungry.

You visited 1 branch

Inventory:

Hand Weapons
 a - a +0 war axe
 m - the +∞ Axe of Woe (weapon)
   (You found it in the Dungeon)
Armour
 b - a +0 scale mail (worn)
 c - a +0 shield
Jewellery
 n - a ring of see invisible (left hand)
 o - a +200 ring of slaying (right hand)
Wands
 e - a wand of heal wounds (5/9)
Potions
 d - a potion of might
 g - a potion of curing
 i - a potion of haste
 j - 2 potions of magic
 k - a potion of berserk rage
Comestibles
 f - a bread ration


   Skills:
 O Level 27 Fighting
 O Level 27 Axes
 O Level 27 Throwing
 O Level 27 Armour
 O Level 27 Dodging
 O Level 27 Stealth
 O Level 27 Shields
 O Level 27 Unarmed Combat
 O Level 27 Spellcasting
 O Level 27 Invocations
 O Level 27 Evocations


You had 80 spell levels left.
You didn't know any spells.

Dungeon Overview and Level Annotations

Branches:
Dungeon (1/1)

Altars:
Makhleb


Innate Abilities, Weirdness & Mutations

You are resistant to damage.
You can recharge devices by infusing magical energy.
You resist negative energy. (rN+)
You passively map a large area around you.
You do not regenerate.


Message History

You feel very sick.
The observer pulsates ominously.
You hear a shout! x6
The meat berserker rages.
You hear a shout!
The tyrant mumbles some strange words.
The tyrant seems to speed up.
The eight-headed meat hydra calls on the powers of darkness!
The eight-headed meat hydra convulses! x2; Your body is wracked with pain!
* * * LOW HITPOINT WARNING * * *
The observer convulses!
The bag of meat convulses!
The eight-headed meat hydra calls on the powers of darkness!
The eight-headed meat hydra convulses!
Your body is wracked with pain!
* * * LOW HITPOINT WARNING * * *
The observer convulses!
The eight-headed meat hydra convulses!
The meat berserker convulses!
The bag of meat convulses!
The bag of meat moves out of view.
The reaper is engulfed in roaring flames.
The reaper hits you from afar with a scythe of venom!!
You die...

, , ,, ....###.......
....,, ......#.o)....
.O... , ......#)o)..§.
,..L... * .......)))....
,......# #...%..).)%...
......%# #....%.%.oC....
, #...#.#.#......)§.)...
, #..)#O#..D..#..)))Mo.
,#.G.@§§D........))z..
.....##.))§)%%##.#)))%L.
*
#.....##2o§.....%..)).oo
# *#....§)####...z#))x..
####.§.§..2.....%)XW.
####...X.X%..))X..
####....X)§....
############


You could see a tyrant, a reaper, 2 eight-headed meat hydras, an observer
(invisible), 2 meat berserkers and a bag of meat.

Vanquished Creatures
  6 hell beasts (D)
  4 greater mummies (D)
  A great orb of eyes (D)
  3 wraiths (D)
  Harold (D)
  7 vampire knights (D)
  20 ogres (D)
  A lich (D)
  3 hydras (D)
  41 orcs (D)
  2 phantoms (D)
  4 hill giants (D)
  7 skeletal warriors (D)
  3 large abominations (D)
  3 small abominations (D)
  7 crawling corpses (D)
113 creatures vanquished.

Vanquished Creatures (others)
  8 orcs (D)
  2 hill giants (D)
  8 crawling corpses (D)
18 creatures vanquished.

Grand Total: 131 creatures vanquished

Notes
Turn   | Place    | Note
-------+----------+-------------------------------------------
     0 | D        | Deeps the Deep Dwarf Fighter began the quest for the Orb.
     0 | D        | Reached XP level 1. HP: 20/20 MP: 1/1
     2 | D        | Noticed a bag of meat
     2 | D        | Noticed a bag of meat
     4 | D        | Noticed a bag of meat
     4 | D        | Noticed a bag of meat
     6 | D        | Noticed a bag of meat
     8 | D        | Noticed a bag of meat
     9 | D        | Killed a bag of meat
     9 | D        | Reached skill level 15 in Fighting
     9 | D        | Reached XP level 2. HP: 52/52 MP: 2/2
     9 | D        | Reached XP level 3. HP: 60/60 MP: 3/3
     9 | D        | Reached XP level 4. HP: 68/68 MP: 4/4
     9 | D        | Reached XP level 5. HP: 75/75 MP: 5/5
     9 | D        | Reached XP level 6. HP: 84/84 MP: 6/6
     9 | D        | Reached XP level 7. HP: 91/91 MP: 7/7
     9 | D        | Reached XP level 8. HP: 99/99 MP: 8/8
     9 | D        | Gained mutation: You passively map the area around you. [Deep Dwarf growth]
     9 | D        | Reached XP level 9. HP: 106/106 MP: 9/9
     9 | D        | Reached XP level 10. HP: 115/115 MP: 10/10
     9 | D        | Reached XP level 11. HP: 122/122 MP: 11/11
     9 | D        | Killed a bag of meat
     9 | D        | Reached XP level 12. HP: 136/136 MP: 12/12
    10 | D        | Noticed a meat berserker
    10 | D        | Noticed a bag of meat
    10 | D        | Noticed a bag of meat
    12 | D        | Noticed a bag of meat
    12 | D        | Noticed a meat berserker
    12 | D        | Became a worshipper of Makhleb the Destroyer
    13 | D        | Noticed a bag of meat
    13 | D        | Killed a bag of meat
    13 | D        | Reached XP level 13. HP: 78/148 MP: 13/13
    13 | D        | Killed a bag of meat
    13 | D        | Reached * piety under Makhleb
    13 | D        | Gained mutation: You resist negative energy. (rN+) [Deep Dwarf growth]
    13 | D        | Reached XP level 14. HP: 84/160 MP: 14/14
    13 | D        | Killed a bag of meat
    14 | D        | Killed a meat berserker
    14 | D        | Reached skill level 15 in Axes
    14 | D        | Reached XP level 15. HP: 93/177 MP: 15/15
    14 | D        | Reached ** piety under Makhleb
    14 | D        | Killed a meat berserker
    14 | D        | Reached skill level 27 in Armour
    14 | D        | Reached skill level 27 in Shields
    14 | D        | Reached XP level 16. HP: 103/195 MP: 16/16
    15 | D        | Noticed a meat berserker
    15 | D        | Noticed a meat berserker
    16 | D        | Noticed a meat berserker
    16 | D        | Reached *** piety under Makhleb
    16 | D        | Reached skill level 27 in Fighting
    16 | D        | Reached XP level 17. HP: 161/208 MP: 17/17
    17 | D        | Noticed a meat berserker
    18 | D        | Killed a meat berserker
    18 | D        | Reached skill level 27 in Axes
    19 | D        | Noticed a meat berserker
    19 | D        | Killed a meat berserker
    19 | D        | Reached **** piety under Makhleb
    19 | D        | Reached skill level 10 in Stealth
    19 | D        | Reached skill level 10 in Invocations
    19 | D        | Reached skill level 10 in Evocations
    19 | D        | Gained mutation: You passively map a large area around you. [Deep Dwarf growth]
    19 | D        | Reached XP level 18. HP: 218/218 MP: 17/28
    20 | D        | Noticed a meat berserker
    20 | D        | Killed a meat berserker
    20 | D        | Reached skill level 10 in Throwing
    20 | D        | Reached skill level 10 in Unarmed Combat
    21 | D        | Noticed a large bag of meat
    21 | D        | Reached skill level 15 in Stealth
    21 | D        | Reached skill level 10 in Spellcasting
    21 | D        | Reached skill level 15 in Invocations
    21 | D        | Reached skill level 15 in Evocations
    21 | D        | Reached XP level 19. HP: 226/226 MP: 17/33
    22 | D        | Killed a meat berserker
    22 | D        | Reached skill level 15 in Dodging
    23 | D        | Killed a meat berserker
    23 | D        | Reached ***** piety under Makhleb
    23 | D        | Reached skill level 15 in Throwing
    24 | D        | Noticed a large bag of meat
    24 | D        | Noticed a meat berserker
    24 | D        | Noticed a destroyer
    26 | D        | Noticed a large bag of meat
    27 | D        | Noticed a destroyer
    27 | D        | Noticed a large bag of meat
    27 | D        | Noticed a meat berserker
    28 | D        | Noticed a large bag of meat
    28 | D        | Noticed The Servant
    29 | D        | Noticed a meat berserker
    30 | D        | Killed a meat berserker
    30 | D        | Reached XP level 20. HP: 236/236 MP: 19/37
    30 | D        | Reached skill level 27 in Dodging
    32 | D        | Noticed a meat berserker
    32 | D        | Noticed a meat berserker
    32 | D        | Killed a meat berserker
    32 | D        | Reached skill level 15 in Spellcasting
    32 | D        | Killed a meat berserker
    32 | D        | Reached XP level 21. HP: 244/244 MP: 19/41
    34 | D        | Noticed a destroyer
    34 | D        | Noticed a destroyer
    35 | D        | Killed a destroyer
    35 | D        | Reached skill level 27 in Stealth
    35 | D        | Reached skill level 27 in Invocations
    35 | D        | Reached skill level 27 in Evocations
    35 | D        | Reached ****** piety under Makhleb
    35 | D        | Reached XP level 22. HP: 173/254 MP: 20/47
    35 | D        | Killed The Servant
    35 | D        | Reached skill level 27 in Throwing
    35 | D        | Reached skill level 27 in Unarmed Combat
    35 | D        | Reached XP level 23. HP: 262/262 MP: 20/52
    35 | D        | Reached skill level 27 in Spellcasting
    38 | D        | Killed a destroyer
    42 | D        | Reached XP level 24. HP: 176/272 MP: 22/54
    43 | D        | Noticed a destroyer
    43 | D        | Noticed a destroyer
    44 | D        | Killed a destroyer
    45 | D        | Noticed a destroyer
    45 | D        | Killed a destroyer
    47 | D        | Reached XP level 25. HP: 220/280 MP: 23/54
    50 | D        | Killed a destroyer
    57 | D        | Killed a destroyer
    60 | D        | Reached XP level 26. HP: 212/290 MP: 27/54
    63 | D        | Noticed a destroyer
    65 | D        | Noticed a dread
    65 | D        | Killed a destroyer
    69 | D        | Noticed a tyrant
    69 | D        | Noticed a dread
    71 | D        | Noticed an accursed
    71 | D        | Noticed an accursed
    73 | D        | Killed a dread
    73 | D        | Reached XP level 27. HP: 174/298 MP: 30/54
    76 | D        | Noticed a meat beast
    76 | D        | Noticed an accursed
    76 | D        | Noticed a meat beast
    76 | D        | Noticed a tyrant
    76 | D        | Noticed an accursed
    76 | D        | Noticed a meat beast
    76 | D        | Noticed a dread
    76 | D        | Noticed a meat beast
    77 | D        | Killed a meat beast
    77 | D        | Killed a meat beast
    79 | D        | Noticed a meat beast
    79 | D        | Killed a meat beast
    81 | D        | Killed a tyrant
    81 | D        | Killed a dread
    81 | D        | Killed an accursed
    81 | D        | Killed a meat beast
    82 | D        | Killed a meat beast
    84 | D        | Killed an accursed
    86 | D        | Noticed a meat beast
    88 | D        | Killed an accursed
    89 | D        | Killed a dread
    90 | D        | Killed a meat beast
    90 | D        | Killed an accursed
    94 | D        | Noticed a tyrant
    95 | D        | Slain by a reaper

Vault maps used:
D:        meatsprint

Skill      XL: |  1  2  3  4  5  6  7  8  9 10 11 12 13 14 15 16 17 18 19 20 21 22 23 |
---------------+----------------------------------------------------------------------+-----
Fighting       | 15 17 18 19 22 25 27 | 27.0
Axes           | 9 11 12 13 15 18 23 27 | 27.0
Armour         | 17 19 21 22 25 27 | 27.0
Shields        | 17 19 20 22 25 27 | 27.0
Throwing       | 7 11 15 18 23 27 | 27.0
Dodging        | 9 13 25 27 | 27.0
Stealth        | 10 15 19 23 27 | 27.0
Unarmed Combat | 7 11 14 17 23 27 | 27.0
Spellcasting   | 6 10 13 16 21 25 27 | 27.0
Invocations    | 10 15 19 23 27 | 27.0
Evocations     | 10 15 19 23 27 | 27.0

Action                   |  1- 3 |  4- 6 |  7- 9 | 10-12 | 13-15 | 16-18 | 19-21 | 22-24 | 25-27 || total
-------------------------+-------+-------+-------+-------+-------+-------+-------+-------+-------++-------
Melee: Executioner's axe |     1 |       |       |     1 |     1 |     7 |     5 |     6 |    30 ||    51
  Use: Scroll            |       |       |       |       |       |       |       |       |     1 ||     1
       Potion            |       |       |       |       |       |       |       |       |     1 ||     1
Armor: Scale mail        |       |       |       |       |       |       |       |       |     2 ||     2
Dodge: Dodged            |       |       |       |     1 |       |       |     3 |     1 |     7 ||    12
